 Dungeon Crawl Stone Soup version 0.21-a0-369-g397cdb2 (webtiles) character file.

1542 Humpert the Cudgeler (level 8, 0/63 HPs)
             Began as a Demonspawn Gladiator on Oct 15, 2017.
             Succumbed to a killer bee's poison
             ... on level 5 of the Dungeon.
             The game lasted 00:17:21 (6142 turns).

Humpert the Cudgeler (Demonspawn Gladiator)         Turns: 6142, Time: 00:17:23

Health: 0/63       AC: 11    Str: 15      XL:     8   Next: 56%
Magic:  7/7        EV:  8    Int: 10      God:
Gold:   164        SH:  2    Dex: 17 (18) Spells: 7/7 levels left

rFire    . . .     SeeInvis .   u - +0 flail (protect)
rCold    . . .     Gourm    .   (no shield)
rNeg     . . .     Faith    .   r - +0 chain mail
rPois    .         Spirit   .   (helmet restricted)
rElec    .         Reflect  +   (no cloak)
rCorr    .         Harm     .   h - +0 pair of gloves
MR       +....     Clarity  +   (no boots)
Stlth    ..........             e - +2 amulet of reflection
HPRegen  0.20/turn              (no ring)
MPRegen  0.10/turn              (no ring)

@: lethally poisoned (0 -> -6), drained
A: antennae 1, hooves 1, agile 1, clarity, demonic guardian 1, low mp 1, magic
resistance 1, wild magic 1
a: no special abilities


You were on level 5 of the Dungeon.
You were not hungry.

You visited 1 branch of the dungeon, and saw 6 of its levels.

You collected 343 gold pieces.
You spent 179 gold pieces at shops.

Inventory:

Hand Weapons
 a - a +1 flail
 u - a +0 flail of protection (weapon)
Missiles
 d - 3 throwing nets (quivered)
Armour
 c - a +1 helmet
 h - a +0 pair of gloves (worn)
 i - a +0 leather armour
 k - a +0 leather armour of magic resistance
 o - a +0 helmet
 r - a +0 chain mail (worn)
Jewellery
 e - a +2 amulet of reflection (around neck)
 n - a +2 amulet of reflection
 s - an uncursed amulet of the gourmand
 D - an uncursed ring of magical power
Scrolls
 b - 2 scrolls of amnesia
 g - 2 scrolls of teleportation
 m - 4 scrolls of identify
Potions
 j - 2 potions of agility
 p - a potion of might
 x - a potion of degeneration
Comestibles
 f - 5 bread rations


   Skills:
 * Level 5.4(5.0) Fighting
 + Level 6.3(5.9) Maces & Flails
 - Level 1.7(1.4) Throwing
 * Level 5.6(5.1) Armour
 + Level 3.9(3.5) Dodging


You had 7 spell levels left.
You didn't know any spells.

Dungeon Overview and Level Annotations

Branches:
Dungeon (6/15)
 Temple: D:4-7

Altars:
Dithmenos
Nemelex Xobeh
Vehumet
The Shining One

Shops:
D:4 *

Annotations:
D:6 Grinder


Innate Abilities, Weirdness & Mutations

You have large cloven feet.
A weak demonic guardian rushes to your aid.
You have a pair of small antennae on your head.
You are agile. (Dex +2)
You possess an exceptional clarity of mind.
Your magical capacity is low. (-10% MP)
You are resistant to hostile enchantments. (MR+)
Your spells are a little harder to cast, but a little more powerful.


Message History

* * * LOW HITPOINT WARNING * * *
You feel sick. The killer bee barely misses you. x2
The killer bee stings you.
* * * LOW HITPOINT WARNING * * *
It was a potion of magic.
Magic courses through your body.
* * * LOW HITPOINT WARNING * * *
You feel sick. You block the killer bee's attack.
The killer bee closely misses you.
You thump the killer bee!
Your weapon exudes an aura of protection.
You kill the killer bee!
You feel your dexterity returning.
* * * LOW HITPOINT WARNING * * *
You feel sick.
* * * LOW HITPOINT WARNING * * *
You feel sick.
Okay, then.
* * * LOW HITPOINT WARNING * * *
You feel sick.
You die...

####### #.....#
#.....# #.[...#
########.....#####
#............'....
#@########...###..
#.########...###..
#>.......'...'))..
#)########...###..
#[# #...# #.. #.#
##### #.. #.# ###
#.# ####### #.#
#.....#


There were no monsters in sight!

Vanquished Creatures
  Sigmund (D:2)
  Edmund (D:6)
  2 ice beasts
  A centaur (D:5)
  A bullfrog (D:5)
  2 scorpions
  3 killer bees (D:5)
  A howler monkey (D:5)
  A crimson imp (D:5)
  A hound (D:4)
  2 iguanas
  Terence (D:3)
  5 orc wizards
  3 worker ants
  A howler monkey skeleton (D:4)
  4 adders
  2 shadow imps
  An ooze (D:1)
  3 worms
  3 dart slugs
  2 leopard geckos (D:5)
  19 orcs
  6 giant cockroaches
  8 goblins
  11 hobgoblins
  8 jackals
  2 quokkas
  10 bats
  6 frilled lizards
  6 kobolds
  A quokka skeleton (D:4)
  7 rats
125 creatures vanquished.

Vanquished Creatures (collateral kills)
  A sky beast (D:5)
  An ice beast (D:6)
  An adder skeleton (D:4)
  2 orcs
5 creatures vanquished.

Vanquished Creatures (others)
  An orc wizard (D:3)
1 creature vanquished.

Grand Total: 131 creatures vanquished

Notes
Turn   | Place    | Note
-------+----------+-------------------------------------------
     0 | D:1      | Humpert the Demonspawn Gladiator began the quest for the Orb.
     0 | D:1      | Reached XP level 1. HP: 16/16 MP: 1/1
   198 | D:1      | Gained mutation: You have large cloven feet. [demonic ancestry]
   198 | D:1      | Reached XP level 2. HP: 16/22 MP: 2/2
   202 | D:1      | Reached skill level 3 in Maces & Flails
   478 | D:1      | Reached XP level 3. HP: 27/28 MP: 3/3
  1157 | D:2      | Reached skill level 1 in Armour
  1637 | D:2      | Reached XP level 4. HP: 35/35 MP: 4/4
  1645 | D:2      | Noticed Sigmund
  1659 | D:2      | Killed Sigmund
  1659 | D:2      | Reached skill level 4 in Maces & Flails
  1659 | D:2      | Reached XP level 5. HP: 39/41 MP: 5/5
  2010 | D:3      | Noticed Terence
  2031 | D:3      | Killed Terence
  2031 | D:3      | Gained mutation: A weak demonic guardian rushes to your aid. [demonic ancestry]
  2031 | D:3      | Reached XP level 6. HP: 39/47 MP: 6/6
  2205 | D:3      | Noticed an ice beast
  2231 | D:3      | Killed an ice beast
  2424 | D:3      | Found a radiant altar of Vehumet.
  2774 | D:4      | Found Nipe's Assorted Antiques.
  2777 | D:4      | Bought a scroll labeled EXTE PICKAEVEI for 26 gold pieces
  2777 | D:4      | Bought a yellow potion for 23 gold pieces
  2777 | D:4      | Bought a scroll labeled MENTOEL PEICW for 26 gold pieces
  2777 | D:4      | Bought a scroll labeled ERIUCLA ALESIMP for 26 gold pieces
  2777 | D:4      | Bought a scroll labeled MENTOEL PEICW for 26 gold pieces
  2777 | D:4      | Bought a scroll labeled MIOBUM NOSHISI for 26 gold pieces
  2777 | D:4      | Bought a scroll labeled WUAKI TOLA for 26 gold pieces
  3095 | D:4      | Reached XP level 7. HP: 45/54 MP: 7/7
  3742 | D:5      | Entered Level 5 of the Dungeon
  3815 | D:5      | Reached skill level 5 in Maces & Flails
  4124 | D:5      | Gained mutation: Your magical capacity is low. (-10% MP) [mutagenic meat]
  4125 | D:5      | Gained mutation: You have a pair of small antennae on your head. [mutagenic meat]
  4126 | D:5      | Gained mutation: You are agile. (Dex +2) [mutagenic meat]
  4127 | D:5      | Gained mutation: You are resistant to hostile enchantments. (MR+) [mutagenic meat]
  4128 | D:5      | Gained mutation: You possess an exceptional clarity of mind. [mutagenic meat]
  4129 | D:5      | Gained mutation: Your spells are a little harder to cast, but a little more powerful. [mutagenic meat]
  4389 | D:5      | Found a glowing golden altar of the Shining One.
  4422 | D:5      | Reached XP level 8. HP: 51/61 MP: 7/7
  4724 | D:5      | HP: 4/91 [poisoned by an orc wizard]
  4731 | D:5      | HP: 4/91 [poisoned by an orc wizard]
  5042 | D:5      | Reached skill level 6 in Maces & Flails
  5158 | D:5      | Reached skill level 5 in Fighting
  5257 | D:5      | HP: 1/62 [killer bee (4)]
  5270 | D:5      | Reached skill level 5 in Armour
  5676 | D:6      | Found a sparkling altar of Nemelex Xobeh.
  5680 | D:6      | Found a shadowy altar of Dithmenos.
  5732 | D:6      | Noticed Grinder
  5747 | D:6      | Noticed Edmund
  5776 | D:6      | Killed Edmund
  6138 | D:5      | HP: 2/63 [poisoned by a killer bee]
  6142 | D:5      | Succumbed to a killer bee's poison

Vault maps used:
D:1:      minmay_arrival_diagonal_passages, minmay_misc_feat_tiny,
          minmay_crystal_water
D:2:      first_bread, uniq_sigmund
D:3:      minmay_large_rounded_square, lemuel_statue_altar, uniq_terence
D:4:      serial_shops, nicolae_shop_behind_doors, columned_hall_lemuel
D:5:      overflow_temple_1_default
D:6:      grunt_temple_overflow_open, uniq_grinder, uniq_edmund

Skill      XL: |  1  2  3  4  5  6  7  8 |
---------------+-------------------------+-----
Maces & Flails | 3 4 5 6 |  6.3
Armour         | 1 2 3 4 5 |  5.6
Fighting       | 3 4 5 |  5.4
Dodging        | 3 |  3.9
Throwing       | |  1.7

Action                   |  1- 3 |  4- 6 |  7- 9 || total
-------------------------+-------+-------+-------++-------
Melee: Flail             |   133 |   119 |   284 ||   536
       Kick              |    30 |    35 |    71 ||   136
  Use: Scroll            |       |       |    15 ||    15
       Potion            |       |       |    12 ||    12
  Eat: Chunk             |     2 |     3 |     9 ||    14
       Royal jelly       |       |     1 |     2 ||     3
       Meat ration       |       |       |     1 ||     1
Armor: Leather armour    |    43 |     9 |       ||    52
       Chain mail        |       |    60 |   189 ||   249
Dodge: Dodged            |   104 |    72 |   141 ||   317
Block: Other             |       |       |    23 ||    23

Table legend:
 A = Spawn XP
 B = Non-spawn XP
 C = Spawn XP percentage of total XP
 D = Spawn monster count
 E = Non-spawn monster count
 F = Spawn count percentage of total count
 G = Total turns spent on level
                    A         B        C        D         E        F      G
               +---------+---------+-------+---------+---------+-------+---------
         Total |       0 |    2203 |   0.0 |       0 |     131 |   0.0 |  6142
               +---------+---------+-------+---------+---------+-------+---------
           D:1 |       0 |      61 |   0.0 |       0 |      31 |   0.0 |   966
           D:2 |       0 |     290 |   0.0 |       0 |      26 |   0.0 |  1076
           D:3 |       0 |     244 |   0.0 |       0 |      21 |   0.0 |   772
           D:4 |       0 |     289 |   0.0 |       0 |      14 |   0.0 |   973
           D:5 |       0 |     954 |   0.0 |       0 |      32 |   0.0 |  2052
           D:6 |       0 |     365 |   0.0 |       0 |       7 |   0.0 |   303
               +---------+---------+-------+---------+---------+-------+---------
